AoeStats
← Iguano Pop

Arabia

505819134Analyzed
1v1 RM · 22d ago on Sep 11, 2026· 71m 21s· 2 players
Game mode
Random Map
Map size
Tiny (2 player)
Population
200
Speed
Normal
Resources
Standard
Victory
Conquest
Starting age
Dark Age
Ending age
Imperial Age
RankedLock teamsTeams togetherTeam positionsShared explorationLock speedFull tech treeHidden civsTurbo modeCheats
Victory
Defeat
🇲🇽 Spanish · Mexico
1294
+15
🇨🇳 Magyars · China
1267
-15
坚哥118
6:36 Loom
9:17 Feudal Age
9:53 Double-Bit Axe
20:02 Castle Age
18:05 Gold Mining
19:08 Bloodlines
20:37 Wheelbarrow
22:01 Bow Saw
22:34 Scale Barding Armor
23:11 Husbandry
24:34 Pikeman
30:33 Chain Barding Armor
42:18 Light Cavalry
52:00 Imperial Age
53:28 Conscription
55:41 Town Watch
56:12 Hand Cart
55:36 Cavalier
58:21 Plate Barding Armor
61:01 Two-Man Saw
60:27 Padded Archer Armor
60:18 Fletching
60:31 Fletching
62:36 Chemistry
61:57 Ballistics
61:01 Crossbowman
62:18 Arbalester
63:03 Thumb Ring
64:42 Bodkin Arrow
65:51 Murder Holes
67:54 Elite Skirmisher
69:41 Bracer
69:56 Leather Archer Armor
69:42 Scale Mail Armor
69:48 Halberdier
Iguano Pop
7:10 Loom
9:22 Feudal Age
10:15 Double-Bit Axe
14:43 Town Watch
14:48 Horse Collar
20:35 Castle Age
19:34 Bloodlines
19:28 Gold Mining
20:00 Fletching
21:50 Bodkin Arrow
21:58 Husbandry
23:31 Padded Archer Armor
24:19 Thumb Ring
30:39 Leather Archer Armor
31:28 Wheelbarrow
40:04 Imperial Age
38:27 Ballistics
43:13 Light Cavalry
43:19 Pikeman
48:39 Squires
48:24 Gambesons
56:44 Imperial Age
55:05 Heavy Plow
56:10 Devotion
58:06 Bracer
60:17 Sanctity
60:32 Halberdier
62:35 Cavalier
67:06 Scale Mail Armor
69:19 Chemistry
69:30 Scale Barding Armor
70:05 Chain Mail Armor
71:16 Hand Cart
72:04 Plate Mail Armor
Connection lost

Rejoining the realm…

Still unreachable

The connection could not be restored.

Session expired

The server has moved on; the page needs a fresh start.